 Dungeon Crawl Stone Soup version 0.29.1-13-g9f3cf754e1 (webtiles) character file.

Game seed: 14478525188240507837

224 Thatpatchoflichen the Trooper (level 5, -2/43 HPs)
             Began as a Demonspawn Monk on Jan 21, 2023.
             Was a Believer of Okawaru.
             Slain by a black bear (3 damage)
             ... on level 4 of the Dungeon.
             The game lasted 00:08:22 (4203 turns).

Thatpatchoflichen the Trooper (Demonspawn Monk)     Turns: 4203, Time: 00:08:22

Health: -2/43      AC:  4    Str: 14    XL:     5   Next: 67%
Magic:  5/5        EV: 13    Int: 11    God:    Okawaru [**....]
Gold:   133        SH:  0    Dex: 15    Spells: 4/4 levels left

rFire   . . .      SeeInvis .   v - +4 quarterstaff (chaos)
rCold   . . .      Faith    .   (shield currently unavailable)
rNeg    . . .      Spirit   .   b - +0 robe
rPois   .          Reflect  .   (helmet restricted)
rElec   .          Harm     .   w - +1 cloak
rCorr   .          Rampage  .   (no gloves)
Will    .....                   (no boots)
Stlth   ++........              (no amulet)
HPRegen 0.14/turn               (no ring)
MPRegen 0.18/turn               (no ring)

@: no status effects
A: horns 2, magic regeneration
a: Renounce Religion, Heroism


You were on level 4 of the Dungeon.
You worshipped Okawaru.
Okawaru was pleased with you.
You visited 1 branch of the dungeon, and saw 4 of its levels.

You collected 133 gold pieces.

Inventory:

Hand Weapons
 a - a +0 mace
 i - a +2 short sword of freezing
 k - a +0 dagger of venom
 n - a +3 dagger
 v - a +4 quarterstaff of chaos (weapon)
 y - a +2 dagger of venom
Armour
 b - a +0 robe (worn)
 w - a +1 cloak (worn)
 E - a +0 ring mail
Wands
 z - a wand of light (14)
 B - a wand of flame (7)
Scrolls
 d - a scroll of fear {unknown}
 e - a scroll of enchant armour {unknown}
 f - 2 scrolls of vulnerability {unknown}
 g - 3 scrolls of teleportation {unknown}
 h - a scroll of magic mapping {unknown}
 l - a scroll of blinking {unknown}
 m - a scroll of identify {unknown}
 t - 2 scrolls of noise {unknown}
 u - a scroll of poison {unknown}
 x - a scroll of fog {unknown}
 A - a scroll of acquirement {unknown}
 D - 2 scrolls of amnesia {unknown}
Potions
 c - a potion of lignification {unknown}
 j - 2 potions of attraction {unknown}
 o - a potion of haste {unknown}
 p - a potion of heal wounds {unknown}
 q - a potion of resistance {unknown}
 r - a potion of curing
 s - a potion of invisibility {unknown}
 C - a potion of flight {unknown}


   Skills:
 + Level 4.7 Fighting
 - Level 2.6(2.9) Maces & Flails
 + Level 1.4(2.3) Staves
 + Level 1.6 Armour
 - Level 3.0 Dodging
 - Level 3.3 Stealth


You had 4 spell levels left.
You didn't know any spells.
Your spell library contained the following spells:

 Spells                   Type           Power      Damage    Failure   Level
 Gell's Gravitas          Tloc           0%         N/A       71%         3
 Teleport Other           Tloc           0%         N/A       71%         3
 Dispersal                Tloc           0%         N/A       100%        6


Dungeon Overview and Level Annotations

Branches:
Dungeon (4/15)
 Temple: D:4-7

Altars:
Okawaru
Uskayaw

Shops:
D:1 :


Innate Abilities, Weirdness & Mutations

You have a pair of horns on your head.
You regenerate magic rapidly.


Message History

The orc hits you with a +0 hand axe. The kobold hits you with a +0 whip.
A black bear comes into view.
The orc closely misses you.
The black bear moves out of view.
There is an open door, spattered with blood here.
You see here a +0 dagger.
You closely miss the orc.
The orc is severely wounded.
The orc closely misses you.
You sock the orc! You freeze the orc.
You kill the orc!
Okawaru accepts your kill.
You miss the kobold. The kobold hits you with a +0 whip.
You sock the kobold!
You kill the kobold!
Okawaru accepts your kill.
There is an open door, spattered with blood here.
Items here: ( ))) [.
There is an open door, spattered with blood here.
Items here: ( ))) [.
Okay, then.
A black bear is nearby!
You closely miss the black bear. Your headbutt misses the black bear.
The black bear barely misses you. The black bear claws you. x2
You hit the black bear but do no damage.
The black bear flickers and vanishes!
Deactivating autopickup; reactivate with Ctrl-A.
Something bites you. Something claws you but does no damage.
Something claws you.
You closely miss something. Something bites you but does no damage.
Something claws you. x2
* * * LOW HITPOINT WARNING * * *
You miss something. You headbutt something! Something bites you.
* * * LOW HITPOINT WARNING * * *
Something claws you but does no damage. Something claws you.
* * * LOW HITPOINT WARNING * * *
You sock something!
Space warps around something.
Your headbutt misses something. Something bites you.
* * * LOW HITPOINT WARNING * * *
Something claws you.
You die...

##.............>..
#....#........##. #
##...#.........#.
###.## ##....#.......##
#.....##.....##...)..##
#.......)..........)..#
##...##)##.....(..(....
## #{..#..###...###..
##@_.##............
#.....#...##.##..##
#.###.#.#.##. ##. #
###(###...... #...
##(((##.. .# #.##
.#(#(#(#.# ... #
#.#.(#..#.# .
..#.#.#.#.#
...##...##..


You could see 8 dancing weapons.

Vanquished Creatures
  An orc priest (D:4)
  Crazy Yiuf (D:2)
  An orc wizard (D:4)
  5 adders
  4 worms
  3 dart slugs
  3 orcs
  3 ball pythons
  4 endoplasms
  7 giant cockroaches
  4 hobgoblins
  3 jackals (D:1)
  6 quokkas
  10 bats
  2 frilled lizards
  8 goblins
  11 kobolds
  A rat (D:1)
77 creatures vanquished.

Notes
Turn   | Place    | Note
-------+----------+-------------------------------------------
     0 | D:1      | Thatpatchoflichen the Demonspawn Monk began the quest for
                  | the Orb.
     0 | D:1      | Reached XP level 1. HP: 18/18 MP: 1/1
   156 | D:1      | Gained mutation: You have a pair of small horns on your
                  | head. [demonic ancestry]
   156 | D:1      | Reached XP level 2. HP: 14/24 MP: 2/2
   173 | D:1      | HP: 1/24 [dart slug (2)]
   457 | D:1      | Found Qudaff's Book Emporium.
  1249 | D:1      | Reached XP level 3. HP: 8/29 MP: 3/3
  1482 | D:1      | Found a faded altar of an unknown god.
  2031 | D:2      | Found an iron altar of Okawaru.
  2055 | D:2      | Became a worshipper of Warmaster Okawaru
  2055 | D:2      | Reached * piety under Okawaru
  2055 | D:2      | Reached ** piety under Okawaru
  2375 | D:2      | Gained mutation: You regenerate magic rapidly. [demonic
                  | ancestry]
  2375 | D:2      | Reached XP level 4. HP: 37/37 MP: 4/4
  2557 | D:2      | Found a runed translucent door.
  2558 | D:2      | Noticed Crazy Yiuf
  2572 | D:2      | Killed Crazy Yiuf
  2573 | D:2      | Reached skill level 4 in Fighting
  3777 | D:3      | Gained mutation: You have a pair of horns on your head.
                  | [demonic ancestry]
  3777 | D:3      | Reached XP level 5. HP: 33/43 MP: 5/5
  3922 | D:3      | Reached skill level 1 in Armour
  4114 | D:4      | Reached skill level 1 in Staves
  4182 | D:4      | Found a hide-covered altar of Uskayaw.
  4182 | D:4      | Noticed a +0 dagger
  4182 | D:4      | Noticed a +0 dagger
  4183 | D:4      | Noticed a +0 spear
  4183 | D:4      | Noticed a +0 falchion
  4185 | D:4      | Noticed a black bear
  4186 | D:4      | Noticed a +0 falchion
  4186 | D:4      | Noticed a +0 spear
  4188 | D:4      | Noticed a +0 short sword
  4194 | D:4      | Noticed a +0 short sword
  4203 | D:4      | HP: 1/43 [something (3)]
  4203 | D:4      | Slain by a black bear

Illustrated notes

Levels and vault maps discovered:
D:1:      sevenhm_arrival_forest_fort_large_4, layout_loops_cross, serial_shops,
          shop, shapermc_ecumenical_altar_pompeii
D:2:      layout_basic, basic_altar, minmay_worlds_worst_comb,
          uniq_crazy_yiuf_cottage
D:3:      layout_basic, minmay_unequal
D:4:      layout_cave_pools, nicolae_uskayaw_en_pointe, lemuel_tele_altar,
          minmay_hollow_rounded_squares, uniq_eustachio

Skill      XL: |  1  2  3  4  5 |
---------------+----------------+-----
Stealth        | 2 3 |  3.3
Dodging        | 3 |  3.0
Fighting       | 4 |  4.7
Armour         | 1 |  1.6
Staves         | 1 |  1.4
Maces & Flails | |  2.6

Action                   |  1- 3 |  4- 6 || total
-------------------------+-------+-------++-------
Melee: Mace              |    46 |       ||    46
       Dagger            |    64 |    11 ||    75
       Headbutt          |    18 |    11 ||    29
       Quarterstaff      |       |    75 ||    75
  Use: Potion            |     1 |       ||     1
 Stab: Sleeping          |     4 |     7 ||    11
       Invisible         |       |     1 ||     1
Armor: Robe              |    34 |    23 ||    57
Dodge: Dodged            |   112 |    49 ||   161
